 Dungeon Crawl Stone Soup version 0.23.2-33-g5129a83184 (webtiles) character file.

Game seed: 6675337914781124198

1384621 Lauz the Swordmaster (level 27, -1/245 HPs)
             Began as a Minotaur Fighter on July 4, 2019.
             Was the Champion of the Shining One.
             Killed by divine providence
             ... invoked by a greater mummy
              (12 damage)
             ... on level 3 of the Tomb of the Ancients on July 6, 2019.
             The game lasted 10:08:57 (121099 turns).

Lauz the Swordmaster (Minotaur Fighter)           Turns: 121099, Time: 10:08:58

Health: -1/245     AC: 61    Str: 30 (32) XL:     27
Magic:  17/29      EV: 32    Int:  8 (9)  God:    the Shining One [******]
Gold:   8856       SH: 35    Dex: 31      Spells: 58/59 levels left

rFire    + + +     SeeInvis .   D - +9 double sword (holy)
rCold    + . .     Gourm    .   B - +6 large shield {AC+3}
rNeg     + + +     Faith    .   m - +14 crystal plate armour
rPois    .         Spirit   .   O - +2 hat of Dykiub {rElec rF+}
rElec    +         Reflect  .   L - +2 cloak {+Inv}
rCorr    .         Harm     .   I - +2 pair of gloves {Dex+3}
MR       ++++.                  R - +1 pair of boots of Chimes {+Blink rF+ MR+++ Int-2}
Stlth    ..........             w - amulet "Gekhlanto" {+Rage rC++}
HPRegen  0.00/turn              l - ring "Pexieciu" {rC- MR- EV+1 Int+6 Dex+9}
MPRegen  0.21/turn              E - ring "Duemot" {Str+4 Dex+5 Stlth+}

@: glowing
A: retaliatory headbutt, horns 2, talons 1, deterioration 2, fire resistance 1,
frail 1, low mp 3, inhibited regeneration, weak 1, subdued magic 3
}: 15/15 runes: decaying, slimy, silver, golden, iron, obsidian, icy, bone,
abyssal, demonic, glowing, magical, fiery, dark, gossamer
a: Divine Shield, Cleansing Flame, Summon Divine Warrior, Brand Weapon With Holy
Wrath, Renounce Religion, Evoke Blink, Evoke Berserk Rage, Evoke Invisibility


You were on level 3 of the Tomb of the Ancients.
You worshipped the Shining One.
The Shining One was exalted by your worship.
You were full.

You visited 18 branches of the dungeon, and saw 90 of its levels.
You visited Pandemonium 1 time, and saw 13 of its levels.
You visited the Abyss 5 times.
You visited 2 bazaars.
You also visited: Sewer, Wizlab and Desolation.

You collected 15714 gold pieces.
You spent 4274 gold pieces at shops.
You donated 2584 gold pieces to Zin.

Inventory:

Hand Weapons
 D - a +9 double sword of holy wrath (weapon)
 Q - a +9 double sword of slicing
 Z - a +5 double sword of protection
Missiles
 H - 3 javelins
 W - 2 silver javelins (quivered)
Armour
 m - a +14 crystal plate armour (worn)
 B - a +6 large shield of protection (worn)
 I - a +2 pair of gloves of dexterity (worn)
 K - the +2 pair of boots of the Assassin {Detection Stab+ Stlth++}
   (You acquired it on level 13 of the Dungeon)

   It makes you much more stealthy.
 L - a +2 cloak of invisibility (worn)
 O - the +2 hat of Dykiub (worn) {rElec rF+}
   (You found it on level 2 of the Vaults)

   It protects you from fire.
   It insulates you from electricity.
 R - the +1 pair of boots of Chimes (worn) {+Blink rF+ MR+++ Int-2}
   (Okawaru gifted it to you in the Desolation of Salt)

   It affects your intelligence (-2).
   It protects you from fire.
   It affects your resistance to hostile enchantments.
   It lets you blink.
 S - a +1 shield of poison resistance
Jewellery
 a - the ring "Upteoz" {rCorr MR++ Stlth-}
   (You found it on level 1 of the Tomb of the Ancients)

   [ring of resist corrosion]

   It affects your resistance to hostile enchantments.
   It makes you less stealthy.
 i - the ring of Dokhiuth {rElec rPois rC+}
   (You found it on level 7 of the Iron City of Dis)

   [ring of protection from cold]

   It protects you from cold.
   It insulates you from electricity.
   It protects you from poison.
 l - the ring "Pexieciu" (left hand) {rC- MR- EV+1 Int+6 Dex+9}
   (You found it in Pandemonium)

   [ring of evasion]

   It affects your evasion (+1).
   It affects your intelligence (+6).
   It affects your dexterity (+9).
   It makes you vulnerable to cold.
   It affects your resistance to hostile enchantments.
 w - the amulet "Gekhlanto" (around neck) {+Rage rC++}
   (You found it on level 3 of the Depths)

   [amulet of rage]

   It greatly protects you from cold.
   It lets you go berserk.
 x - the amulet of Paerakui {Spirit Dex+4, unknown}
   (You found it in Pandemonium)

   [amulet of guardian spirit]

   It causes incoming damage to be split between your health and magic.
   It affects your dexterity (+4).
 y - the amulet "Curph" {Inacc rElec Str+2 Dex+6, unknown}
   (You found it in Pandemonium)

   [amulet of inaccuracy]

   It reduces the accuracy of all your attacks.
   It affects your strength (+2).
   It affects your dexterity (+6).
   It insulates you from electricity.
 A - a ring "Poutaj" {rPois Slay+3}
   (You found it in Pandemonium)

   [ring of poison resistance]

   It affects your accuracy and damage with ranged weapons and melee attacks
   (+3).
   It protects you from poison.
 E - the ring "Duemot" (right hand) {Str+4 Dex+5 Stlth+}
   (You found it in the Desolation of Salt)

   [ring of dexterity]

   It affects your strength (+4).
   It affects your dexterity (+5).
   It makes you more stealthy.
 G - a +4 amulet of reflection
 J - the ring "Taineon" {rC+ rN+ MP+9 Str+3}
   (You found it on level 7 of the Dungeon)

   [ring of magical power]

   It affects your strength (+3).
   It protects you from cold.
   It protects you from negative energy.
   It affects your magic capacity (+9).
Wands
 k - a wand of paralysis (84)
 Y - a wand of digging (21)
Scrolls
 b - a scroll of magic mapping
 h - 32 scrolls of remove curse
 p - 9 scrolls of enchant weapon
 q - 3 scrolls of acquirement
 t - 5 scrolls of fear
 z - a scroll of amnesia
 M - 4 scrolls of brand weapon
 N - 2 scrolls of fog
 T - a scroll of summoning
 U - a scroll of identify
 X - 5 scrolls of silence
Potions
 c - 4 potions of resistance
 e - 9 potions of flight
 g - a potion of haste
 n - 5 potions of agility
 r - 13 potions of brilliance
 s - a potion of curing
 u - 10 potions of magic
 C - 5 potions of cancellation
 F - 2 potions of berserk rage
Miscellaneous
 P - a sack of spiders
Comestibles
 f - 39 rations


   Skills:
 O Level 27 Fighting
 O Level 27 Long Blades
 O Level 27 Throwing
 O Level 27 Armour
 O Level 27 Dodging
 - Level 0.5 Stealth
 O Level 27 Shields
 + Level 16.6 Spellcasting
 + Level 16.9 Summonings
 - Level 14.7 Invocations
 + Level 17.0 Evocations


You had 58 spell levels left.
You knew the following spells:

 Your Spells              Type           Power        Failure   Level  Hunger
a - Summon Small Mammal   Summ           ###.         0%          1    None

Your spell library contained the following spells:

 Spells                   Type           Power        Failure   Level  Hunger
 Summon Butterflies       Summ           ###.....     0%          1    None
 Call Imp                 Summ           ###.....     0%          2    None
 Call Canine Familiar     Summ           ###.....     0%          3    #......
 Recall                   Summ/Tloc      N/A          1%          3    #......
 Summon Guardian Golem    Hex/Summ       ##......     1%          3    #......
 Aura of Abjuration       Summ           ###.......   1%          5    #####..
 Summon Demon             Summ           ###.......   1%          5    #####..
 Shadow Creatures         Summ           N/A          2%          6    ######.
 Summon Ice Beast         Ice/Summ       ##......     7%          4    ###....
 Summon Lightning Spire   Summ/Air       ##......     7%          4    ###....
 Monstrous Menagerie      Summ           ###.......   21%         7    #######
 Summon Greater Demon     Summ           ###.......   21%         7    #######
 Summon Hydra             Summ           ###.......   21%         7    #######
 Summon Forest            Summ/Tloc      ##........   22%         5    #####..
 Summon Mana Viper        Hex/Summ       ##......     22%         5    #####..
 Animate Skeleton         Necr           N/A          26%         1    None
 Apportation              Tloc           #.....       26%         1    None
 Confusing Touch          Hex            #.....       26%         1    None
 Corona                   Hex            #......      26%         1    None
 Flame Tongue             Conj/Fire      #....        26%         1    None
 Magic Dart               Conj           #...         26%         1    None
 Sandblast                Erth           #.....       26%         1    None
 Sting                    Conj/Pois      #...         26%         1    None
 Blink                    Tloc           N/A          41%         2    None
 Corpse Rot               Necr           N/A          41%         2    None
 Ensorcelled Hibernation  Hex/Ice        #.....       41%         2    None
 Passwall                 Tmut/Erth      #.......     41%         2    None
 Poisonous Vapours        Pois/Air       #.....       41%         2    None
 Shroud of Golubria       Chrm/Tloc      #.........   41%         2    None
 Slow                     Hex            #.......     41%         2    None
 Sublimation of Blood     Necr           #.........   41%         2    None
 Swiftness                Chrm/Air       #.......     41%         2    None
 Throw Flame              Conj/Fire      #.....       41%         2    None
 Throw Frost              Conj/Ice       #.....       41%         2    None
 Conjure Flame            Conj/Fire      #.......     65%         3    #......
 Gell's Gravitas          Tloc           #.........   65%         3    #......
 Ignite Poison            Fire/Tmut/Pois #.......     65%         3    #......
 Inner Flame              Hex/Fire       #.......     65%         3    #......
 Lesser Beckoning         Tloc           #.........   65%         3    #......
 Mephitic Cloud           Conj/Pois/Air  #.......     65%         3    #......
 Ozocubu's Armour         Chrm/Ice       #.......     65%         3    #......
 Portal Projectile        Hex/Tloc       #.....       65%         3    #......
 Regeneration             Chrm/Necr      #.........   65%         3    #......
 Spectral Weapon          Hex/Chrm       #.......     65%         3    #......
 Spider Form              Tmut/Pois      #.........   65%         3    #......
 Static Discharge         Conj/Air       #.......     65%         3    #......
 Stone Arrow              Conj/Erth      #.....       65%         3    #......
 Teleport Other           Tloc           #.......     65%         3    #......
 Tukima's Dance           Hex            #.......     65%         3    #......
 Vampiric Draining        Necr           #.........   65%         3    #......
 Summon Horrible Things   Summ           ###.......   89%         8    #######
 Airstrike                Air            #.........   97%         4    ###....
 Animate Dead             Necr           N/A          97%         4    ###....
 Cause Fear               Hex            #.........   97%         4    ###....
 Leda's Liquefaction      Hex/Erth       #.........   97%         4    ###....
 Olgreb's Toxic Radiance  Pois           #.......     97%         4    ###....
 Passage of Golubria      Tloc           N/A          97%         4    ###....
 Petrify                  Tmut/Erth      #.......     97%         4    ###....
 Sticky Flame             Conj/Fire      #.......     97%         4    ###....
 Alistair's Intoxication  Tmut/Pois      #.......     100%        5    #####..
 Bolt of Draining         Conj/Necr      #.........   100%        5    #####..
 Bolt of Magma            Conj/Fire/Erth #.........   100%        5    #####..
 Borgnjor's Vile Clutch   Necr/Erth      #.........   100%        5    #####..
 Dispel Undead            Necr           #.......     100%        5    #####..
 Excruciating Wounds      Chrm/Necr      #.........   100%        5    #####..
 Fireball                 Conj/Fire      #.........   100%        5    #####..
 Irradiate                Conj/Tmut      #.........   100%        5    #####..
 Iskenderun's Battlesphe  Conj/Chrm      #.......     100%        5    #####..
 Lee's Rapid Deconstruct  Erth           #.........   100%        5    #####..
 Lightning Bolt           Conj/Air       #.........   100%        5    #####..
 Silence                  Hex/Air        #.........   100%        5    #####..
 Venom Bolt               Conj/Pois      #.........   100%        5    #####..
 Yara's Violent Unravell  Hex/Tmut       #.........   100%        5    #####..
 Bolt of Fire             Conj/Fire      #.........   100%        6    ######.
 Conjure Ball Lightning   Conj/Air       #.........   100%        6    ######.
 Darkness                 Hex            #.........   100%        6    ######.
 Death Channel            Necr           #.........   100%        6    ######.
 Deflect Missiles         Chrm/Air       #.........   100%        6    ######.
 Dispersal                Tloc           #.........   100%        6    ######.
 Hydra Form               Tmut           #.........   100%        6    ######.
 Invisibility             Hex            #.......     100%        6    ######.
 Iron Shot                Conj/Erth      #.........   100%        6    ######.
 Poison Arrow             Conj/Pois      #.........   100%        6    ######.
 Simulacrum               Ice/Necr       #.........   100%        6    ######.
 Statue Form              Tmut/Erth      #........    100%        6    ######.
 Dragon Form              Tmut           #.........   100%        7    #######
 Haunt                    Necr/Summ      ##........   100%        7    #######
 Malign Gateway           Summ/Tloc      ##........   100%        7    #######
 Orb of Destruction       Conj           #.........   100%        7    #######
 Ring of Flames           Chrm/Fire      #.........   100%        7    #######
 Spellforged Servitor     Conj/Summ      ##........   100%        7    #######
 Borgnjor's Revivificati  Necr           #.........   100%        8    #######
 Chain Lightning          Conj/Air       #.........   100%        8    #######
 Death's Door             Chrm/Necr      #.........   100%        8    #######
 Discord                  Hex            #.........   100%        8    #######
 Ignition                 Fire           #.........   100%        8    #######
 Infestation              Necr           #.........   100%        8    #######
 Lehudib's Crystal Spear  Conj/Erth      #.........   100%        8    #######
 Necromutation            Tmut/Necr      #.........   100%        8    #######
 Fire Storm               Conj/Fire      #.........   100%        9    #######
 Glaciate                 Conj/Ice       #.........   100%        9    #######
 Shatter                  Erth           #.........   100%        9    #######
 Tornado                  Air            #.........   100%        9    #######


Dungeon Overview and Level Annotations

Branches:
Dungeon (15/15)            Temple (1/1) D:4            Lair (6/6) D:8
  Swamp (4/4) Lair:4       Spider (4/4) Lair:4        Slime (5/5) Lair:6
    Orc (2/2) D:9             Elf (3/3) Orc:2        Vaults (5/5) D:14
  Crypt (3/3) Vaults:3       Tomb (3/3) Crypt:3      Depths (5/5) D:15
   Hell (1/1)                 Dis (7/7) Hell            Geh (7/7) Hell
    Coc (7/7) Hell            Tar (7/7) Hell            Zot (5/5) Depths:5

Altars:
Ashenzari
Cheibriados
Dithmenos
Elyvilon
Fedhas
Gozag
Hepliaklqana
Kikubaaqudgha
Makhleb
Nemelex Xobeh
Okawaru
Qazlal
Ru
Sif Muna
Trog
Uskayaw
Vehumet
Wu Jian
Xom
Yredelemnul
Zin
The Shining One
Beogh

Shops:
D:8 *=*:[   Orc:2 *[!}(   Elf:1 ([(%   Elf:3 (   Vaults:1 *   Vaults:2 *
Depths:1 *   Depths:5 !

Portals:
Hell: Depths:1 Depths:2 Depths:3 Depths:4 Depths:5
Abyss: Depths:1 Depths:3 Depths:4
Pandemonium: Depths:2 Depths:3
Ziggurat: Depths:2


Innate Abilities, Weirdness & Mutations

You reflexively headbutt those who attack you in melee.
You have a pair of horns on your head.
You have sharp toenails.
Your body often deteriorates upon taking damage.
Your flesh is heat resistant. (rF+)
You are frail. (-10% HP)
Your magical capacity is extremely low. (-30% MP)
You do not regenerate when monsters are visible.
You are weak. (Str -2)
Your spells are much easier to cast, but much less powerful.


Message History

You feel yourself speed up.
You hear a hideous shriek!
The greater mummy calls on the powers of darkness!
Your body is wracked with pain!
* * * LOW HITPOINT WARNING * * *
Your daeva convulses!
You block the phantasmal warrior's attack.
Okay, then.
Your magical effects are unravelling.
You feel magically purged.
The sentinel's mark upon you fades away.
The greater mummy is lost in a daze.
You block the phantasmal warrior's attack.
You block the greater mummy's attack.
The greater mummy hits your daeva but does no damage.
You are momentarily dazzled by a brilliant light.
You feel somewhat less full.
The greater mummy points at you and mumbles some strange words.
Something smites you!
You die...

##..M...§§§..%.....
#....8.§§§§........
##.zMs##############
#§..§#*,,,,,,,......
#.s8#*,,,,,,,,......
#..M#,,,,,*****####.
#...#,,,,**,,,......
#.zW#,,,,*,,,.######
#^M@#,,,,**,,.......
#.A8#,,,,,***#######
#.A.##,,,,,,...,,,,,
#○^..##,,,,8...,,,,,
##○M°.####88.##*****
#°..°☼§88.8M.^,,,,,
##....§.8.....,,,,,
###...8M.....,,,,,
###########*****


You could see 3 greater mummies, an emperor scorpion, a phantasmal warrior, a
guardian mummy, 2 flying skulls, a friendly daeva, a friendly angel and 2
friendly ushabtiu.

Vanquished Creatures
  Cerebov (Pan)
  Antaeus (Coc:7)
  the Royal Jelly (Slime:5)
  Ereshkigal (Tar:7)
  Asmodeus (Geh:7)
  Lom Lobon (Pan)
  Mnoleg (Pan)
  the Serpent of Hell (Geh:7)
  A seraph (Pan)
  Dispater (Dis:7)
  4 ancient liches
  4 orbs of fire
  Mara (Depths:2)
  2 juggernauts
  A Killer Klown (Zot:2)
  25 greater mummies
  Boris (thrice) (Depths:4 Crypt:2 Tomb:2)
  7 shard shrikes
  Frederick (Vaults:2)
  Xtahua (Crypt:2)
  The ghost of Faydane the Hoplite, a veteran HuFi of the Shining One (Vaults:2)
  Margery (Crypt:1)
  2 curse toes
  Bai Suzhen (Vaults:2)
  Geryon (Hell)
  7 pandemonium lords (Pan)
  A profane servitor (Crypt:3)
  Jory (Tomb:2)
  14 golden dragons
  11 bone dragons
  24 Tzitzimimeh
  An electric golem (Zot:1)
  20 Brimstone Fiends
  14 liches
  24 Ice Fiends
  10 iron giants
  10 doom hounds
  14 Hell Sentinels
  32 tentacled monstrosities
  Jorgrun (D:12)
  8 deep elf blademasters
  11 quicksilver dragons
  5 deep elf master archers
  24 Executioners
  16 tentacled starspawn
  2 eldritch tentacles
  23 ancient champions
  2 thorn hunters
  26 titans
  Frances (D:12)
  11 death cobs
  9 sphinxes
  Agnes (Spider:1)
  20 shadow dragons
  15 storm dragons
  7 tengu reavers
  The ghost of RatmanManrat the Tortoise, an adept MiBe of Trog (Spider:1)
  25 acid blobs
  Donald (Spider:1)
  Kirke (Swamp:1)
  4 draconian monks
  13 azure jellies
  23 fire giants
  13 deep elf sorcerers
  25 frost giants
  3 imperial myrmidons (Desolation)
  5 revenants
  7 draconian knights
  16 vault wardens
  6 daevas (Pan)
  5 draconian scorchers
  7 iron dragons
  An azure jelly (shapeshifter) (Depths:4)
  7 black suns (Pan)
  An orc warlord (Vaults:3)
  7 ghost moths
  8 emperor scorpions
  8 ghouls (Crypt:2)
  20 cacodemons
  5 curse skulls
  16 angels (Pan)
  A caustic shrike zombie (Crypt:2)
  3 warmongers (Pan)
  23 balrugs
  Aizul (Spider:1)
  3 elemental wellsprings
  75 reapers
  4 deep elf elementalists
  6 draconian shifters
  5 draconian annihilators
  A stone giant (shapeshifter) (Depths:4)
  29 war gargoyles
  4 bennus (Tomb:3)
  9 blood saints (Pan)
  A juggernaut skeleton (Depths:4)
  3 draconian stormcallers
  5 spriggan defenders
  3 entropy weavers
  14 ironheart preservers
  9 vampire knights
  14 apis (Pan)
  9 black draconians
  9 ophanim (Pan)
  26 very ugly things
  31 stone giants
  12 green draconians
  7 deep elf demonologists
  8 red draconians
  9 lorocyprocas
  5 white draconians
  2 halazid warlocks (Desolation)
  8 spark wasps
  8 yellow draconians
  6 corrupters (Pan)
  12 deep elf annihilators
  25 blizzard demons
  7 eidola
  12 death oozes
  4 ettins
  2 merfolk impalers (Depths:1)
  12 purple draconians
  Snorg (Lair:3)
  14 green deaths
  A spectral kraken (Tar:7)
  13 jiangshi
  8 deep elf high priests
  6 crystal guardians
  2 kraken zombies
  7 ragged hierophants (Desolation)
  5 deep elf death magi
  21 mummy priests
  16 great orbs of eyes
  14 fire dragons
  13 rakshasas
  6 quicksilver dragon zombies
  22 hydras
  5 servants of whispers (Desolation)
  31 vault guards
  18 yaktaur captains
  8 hell beasts
  4 spriggan air magi
  2 shambling mangroves (Swamp:3)
  28 ice dragons
  3 ghost crabs
  3 quicksilver dragon skeletons
  11 peacekeepers (Desolation)
  Fannar (Orc:1)
  7 monstrous demonspawn (Pan)
  8 death knights
  A satyr (Abyss:4)
  14 centaur warriors
  A merfolk avatar (Swamp:3)
  A spectral stone giant (Crypt:2)
  10 alligators
  5 deep troll shamans
  14 ogre magi
  34 two-headed ogres
  A deep troll earth mage (Depths:4)
  10 vampire magi
  28 dancing weapons
  A death yak (Lair:4)
  49 hell hogs
  2 tengu warriors
  9 thrashing horrors
  Urug (D:11)
  An orc high priest (Elf:1)
  8 storm dragon zombies
  3 titan zombies
  40 death scarabs
  37 soul eaters
  18 iron golems
  3 spriggan berserkers
  30 sun demons
  Sonja (D:13)
  37 deep elf knights
  8 titan skeletons
  7 shadow wraiths
  83 hell knights
  13 wretched stars
  A fire crab (shapeshifter) (Vaults:1)
  17 sixfirhies
  149 skeletal warriors
  6 spatial maelstroms
  8 iron trolls (Dis:7)
  29 shadow demons
  2 infernal demonspawn (Pan)
  5 deep trolls
  23 flayed ghosts
  A quicksilver dragon simulacrum (Coc:5)
  3 spriggan druids
  7 storm dragon skeletons
  9 cherubim (Pan)
  A death drake (shapeshifter) (Depths:3)
  16 anaconda zombies
  5 unseen horrors
  37 starcursed masses
  7 wizards
  6 golden dragon zombies
  A kraken simulacrum (Hell)
  14 glowing orange brains
  7 torturous demonspawn
  22 phantasmal warriors
  An iron giant zombie (Crypt:1)
  5 gelid demonspawn (Pan)
  13 swamp dragons
  4 ghost moth zombies
  7 harpies
  24 deep elf archers
  2 orange crystal statues
  17 ironbrand convokers
  8 wolf spider zombies
  4 golden dragon skeletons
  The ghost of Feetnoise the Spear-Bearer, a novice MiBe of Trog (D:7)
  27 necromancers
  2 harpies (shapeshifter)
  4 shadow dragon zombies
  87 deep elf magi
  20 orc knights
  10 stone giant zombies
  8 shadow dragon skeletons
  4 iron dragon zombies
  4 orc sorcerers
  8 frost giant zombies
  3 worldbinders
  14 anaconda skeletons
  26 wolf spiders
  9 shining eyes
  18 orb spiders
  82 slime creatures
  4 cyclopes
  42 ugly things
  13 fire giant zombies
  5 dire elephant zombies
  A salamander (Lair:4)
  3 manticores
  7 iron dragon skeletons
  3 guardian serpents
  3 shock serpent zombies
  20 molten gargoyles
  A spriggan zombie (Depths:4)
  34 moths of wrath
  9 fire giant skeletons
  8 frost giant skeletons
  16 vault sentinels
  2 black mambas (shapeshifter)
  A guardian serpent (shapeshifter) (Depths:1)
  2 eyes of devastation
  3 elephants (Lair:4)
  A human skeleton (Vaults:5)
  6 stone giant skeletons
  3 torpor snails
  2 ice statues (Hell)
  2 titan simulacra
  53 rust devils
  10 spectral swamp worms (Tar:7)
  A gargoyle (D:13)
  3 storm dragon simulacra
  5 black mambas
  77 yaktaurs
  39 smoke demons
  A rime drake (shapeshifter) (Abyss:4)
  18 orange demons
  3 shock serpent skeletons
  6 dire elephant skeletons
  3 rime drakes
  A catoblepas zombie (Tomb:2)
  3 emperor scorpion zombies
  A kobold demonologist (D:11)
  12 spiny frogs
  13 efreet
  A spark wasp simulacrum (Depths:4)
  26 freezing wraiths
  36 hellions
  3 komodo dragons
  63 tormentors
  41 guardian mummies
  14 hellwings
  A minotaur skeleton (Geh:1)
  3 anaconda simulacra (Coc:7)
  16 ancient zymes
  A catoblepas skeleton (Geh:7)
  39 red devils
  2 komodo dragons (shapeshifter)
  18 demonic crawlers
  A harpy zombie (Tar:4)
  A pale draconian skeleton (Crypt:1)
  30 ice devils
  14 polar bears
  A jumping spider (shapeshifter) (Depths:1)
  8 silent spectres
  13 hydra zombies
  3 meliai (D:15)
  A merfolk (shapeshifter) (Depths:2)
  A shadow dragon simulacrum (Abyss:4)
  11 tyrant leeches
  3 tengu conjurers
  A wolf spider simulacrum (D:15)
  21 hornets
  10 trolls
  16 wind drakes (Pan)
  43 jumping spiders
  A troll (shapeshifter) (Depths:5)
  A queen bee (shapeshifter) (Depths:3)
  15 ettin zombies
  3 harpy skeletons
  4 hydra skeletons
  12 blink frogs
  2 raiju (shapeshifter)
  15 hippogriffs
  53 saltlings (Desolation)
  40 raiju
  2 ice dragon zombies
  6 bog bodies
  2 fire giant simulacra
  A centaur simulacrum (D:14)
  8 alligator zombies
  44 small abominations
  4 ice dragon skeletons
  Sigmund (D:3)
  5 fire dragon skeletons
  11 fire dragon zombies
  2 alligator skeletons
  12 water elementals
  An air elemental (Elf:3)
  13 ettin skeletons
  170 flying skulls
  66 redbacks
  A spriggan (shapeshifter) (Depths:3)
  6 spriggans
  29 tarantellas
  42 wraiths
  3 wyverns
  A tarantella (shapeshifter) (Vaults:5)
  16 ushabtiu
  37 shadows
  2 black mamba zombies (Dis:6)
  9 fire bats
  A vampire (Abyss:1)
  24 yaks
  2 black mamba skeletons
  23 ynoxinuls
  34 fire elementals
  2 hogs (Swamp:1)
  2 hogs (shapeshifter)
  A wyvern (shapeshifter) (Vaults:5)
  14 golden eyes
  3 basilisks
  Grum (D:11)
  A wind drake skeleton (Crypt:2)
  18 chaos spawn
  10 hungry ghosts
  26 neqoxecs
  22 vampire mosquitoes
  A harpy simulacrum (Crypt:3)
  3 steam dragons
  A merfolk zombie (Geh:3)
  A warg (shapeshifter) (Elf:3)
  An acid dragon (Vaults:1)
  30 insubstantial wisps
  A swamp worm (shapeshifter) (Vaults:5)
  12 wargs
  3 hydra simulacra
  Menkaure (D:7)
  4 spatial vortices
  Edmund (D:4)
  A water moccasin (shapeshifter) (Abyss:3)
  13 swamp worms
  7 water moccasins
  A gelid demonspawn zombie (Crypt:2)
  4 spiny frog zombies
  A floating eye (shapeshifter) (Vaults:2)
  6 porcupines
  91 large abominations
  4 floating eyes
  122 hell hounds
  10 swamp drakes
  A porcupine (shapeshifter) (Vaults:5)
  A black bear (shapeshifter) (Vaults:4)
  65 orc warriors
  5 eyes of draining
  2 manticore zombies
  A sky beast (shapeshifter) (Vaults:1)
  10 ice beasts
  5 sky beasts
  16 black bears
  A hornet zombie (D:14)
  6 spiny frog skeletons
  31 necrophages
  38 ogres
  A fire dragon simulacrum (Crypt:3)
  2 tengu (shapeshifter)
  A swamp dragon zombie (Dis:7)
  22 centaurs
  26 wolves
  4 snapping turtle zombies
  11 boggarts
  5 phantoms
  6 manticore skeletons
  6 snapping turtle skeletons
  13 crocodiles
  4 big kobolds
  17 bullfrogs
  A hog skeleton (Crypt:2)
  An elf zombie (Tar:4)
  A hippogriff zombie (Crypt:3)
  8 earth elementals
  2 gnoll sergeants
  A human simulacrum (Depths:4)
  A water moccasin zombie (Crypt:1)
  A glowing shapeshifter simulacrum (Vaults:5)
  3 elf skeletons
  9 killer bees
  A troll zombie (Crypt:2)
  2 scorpions
  A yak zombie (Crypt:3)
  12 howler monkeys
  An elf simulacrum (Vaults:1)
  3 spriggan skeletons
  69 wights
  6 electric eels
  18 crimson imps
  7 quasits
  8 centaur zombies
  A bullfrog zombie (D:11)
  8 centaur skeletons
  11 hounds
  6 jellies
  5 bullfrog skeletons
  Crazy Yiuf (D:2)
  25 orc priests
  21 orc wizards
  A gnoll shaman (D:6)
  4 human zombies
  6 iguanas
  39 iron imps
  Jessica (D:2)
  Terence (D:2)
  2 hell rats (Lair:4)
  17 worker ants
  An ogre zombie (Crypt:2)
  2 tengu zombies (Geh:7)
  2 deep dwarf skeletons
  2 hound skeletons (D:7)
  42 mummies
  2 worker ant zombies
  18 adders
  12 gnolls
  13 river rats
  A steam dragon zombie (Crypt:1)
  19 shadow imps
  23 white imps
  3 ufetubi
  6 oozes
  An adder skeleton (D:8)
  An adder zombie (D:8)
  A worm (shapeshifter) (Vaults:5)
  2 worms
  A ball lightning (Pan)
  A barachi zombie (Crypt:3)
  2 dart slugs
  7 leopard geckos
  An orc (shapeshifter) (Vaults:5)
  119 orcs
  8 ball pythons
  10 giant cockroaches
  7 goblins
  9 hobgoblins
  26 jackals
  31 kobolds
  9 quokkas
  A river rat zombie (Crypt:1)
  7 bats
  4 frilled lizards
  A goblin zombie (Crypt:3)
  A kobold skeleton (Pan)
  A kobold zombie (Geh:7)
  A leopard gecko zombie (Crypt:2)
  An orc zombie (Abyss:1)
  2 quokka skeletons
  31 rats
  A briar patch (Swamp:2)
  2 fire vortices
  A lurking horror (Abyss:4)
  3 macabre masses (Abyss:3)
  2 pillars of salt (Vaults:2)
  11 starspawn tentacles
  5 tentacles
5708 creatures vanquished.

Vanquished Creatures (collateral kills)
  Gloorx Vloq (Pan)
  A greater mummy (Tomb:1)
  An iron giant (Dis:7)
  A Hell Sentinel (Dis:7)
  An iron dragon (Dis:7)
  A reaper (Tar:7)
  A mummy priest (Tomb:3)
  5 death scarabs
  An iron golem (Dis:7)
  A skeletal warrior (Coc:7)
  A shadow demon (Tar:7)
  A fire giant zombie (Coc:7)
  7 guardian mummies
  2 jumping spiders (Spider:1)
  2 flying skulls (Tomb:3)
  4 ushabtiu
  A necrophage (Geh:7)
  2 mummies (Tomb:3)
34 creatures vanquished.

Vanquished Creatures (others)
  A lich (Depths:5)
  A titan (Abyss:4)
  An eldritch tentacle (Pan)
  5 deep elf master archers
  A stone giant (Depths:1)
  An elemental wellspring (Coc:1)
  A white draconian (Zot:3)
  An ettin (D:15)
  5 yaktaur captains
  An ice dragon (Coc:7)
  A hydra (Swamp:1)
  3 centaur warriors
  2 ogre magi
  4 hell hogs
  2 deep elf knights
  2 deep elf archers
  A wizard (Pan)
  2 cyclopes
  2 orange demons (Pan)
  18 yaktaurs
  A hornet (Swamp:1)
  A saltling (Desolation)
  A bog body (Crypt:2)
  A slime creature (Depths:1)
  A spriggan (shapeshifter) (Vaults:4)
  A flying skull (Coc:4)
  A wraith (Geh:4)
  A fire elemental (Geh:5)
  A human (shapeshifter) (Vaults:3)
  A golden eye (Abyss:3)
  A vampire mosquito (Swamp:1)
  A swamp worm (Swamp:1)
  2 insubstantial wisps (Swamp:4)
  A swamp drake (shapeshifter) (Vaults:5)
  3 orc warriors
  2 ogres
  2 boggarts
  8 centaurs
  A spriggan skeleton (Geh:6)
  2 small abominations
  An iron imp (Dis:7)
  16 ball lightnings (Pan)
  11 orcs
  A giant cockroach zombie (Crypt:1)
  6 briar patches
  2 bushes (Abyss:4)
  A demonic plant (Abyss:4)
  6 fungi
  3 lurking horrors
  10 pillars of salt
  13 plants
  37 starspawn tentacles
  14 tentacles
209 creatures vanquished.

Grand Total: 5951 creatures vanquished

Notes
Turn   | Place    | Note
-------+----------+-------------------------------------------
     0 | D:1      | Lauz the Minotaur Fighter began the quest for the Orb.
     0 | D:1      | Reached XP level 1. HP: 19/19 MP: 0/0
   249 | D:1      | Reached XP level 2. HP: 23/27 MP: 1/1
   784 | D:1      | Reached XP level 3. HP: 31/33 MP: 2/2
   914 | D:2      | Noticed an ice beast
   927 | D:2      | Killed an ice beast
   927 | D:2      | Reached skill level 1 in Dodging
   927 | D:2      | Reached XP level 4. HP: 31/40 MP: 3/3
  1066 | D:2      | Reached XP level 5. HP: 46/46 MP: 4/4
  1188 | D:2      | Reached skill level 5 in Shields
  1215 | D:2      | Noticed Jessica
  1218 | D:2      | Killed Jessica
  1264 | D:2      | Noticed Terence
  1273 | D:2      | Killed Terence
  1277 | D:2      | Reached skill level 5 in Long Blades
  1678 | D:2      | Found a runed translucent door.
  1679 | D:2      | Noticed Crazy Yiuf
  1856 | D:2      | Found a white marble altar of Elyvilon.
  1923 | D:2      | Reached XP level 6. HP: 51/52 MP: 5/5
  2190 | D:2      | Killed Crazy Yiuf
  2382 | D:3      | Found a glowing drain.
  2399 | Sewer    | Entered a sewer
  2595 | Sewer    | Reached XP level 7. HP: 44/60 MP: 6/6
  2879 | D:3      | Found a shimmering altar of Xom.
  2950 | D:3      | Noticed Sigmund
  2961 | D:3      | Killed Sigmund
  2961 | D:3      | Reached skill level 5 in Armour
  3308 | D:3      | Found a burning altar of Makhleb.
  3641 | D:4      | Found Zin's Purification Station.
  3644 | D:4      | Found a glowing silver altar of Zin.
  3775 | D:4      | Noticed Edmund
  3787 | D:4      | Killed Edmund
  3787 | D:4      | Reached skill level 5 in Fighting
  3841 | D:4      | Found a staircase to the Ecumenical Temple.
  3942 | Temple   | Entered the Ecumenical Temple
  4069 | Temple   | Became a worshipper of Warmaster Okawaru
  4300 | D:4      | Reached XP level 8. HP: 48/68 MP: 7/7
  4483 | D:4      | Found a sacrificial altar of Ru.
  4532 | D:5      | Entered Level 5 of the Dungeon
  4539 | D:5      | Noticed a +0 dagger
  4539 | D:5      | Noticed a -2 hand axe
  4540 | D:5      | Found a hide-covered altar of Uskayaw.
  4623 | D:5      | Found a bloodstained altar of Trog.
  5192 | D:5      | Reached * piety under Okawaru
  5535 | D:6      | Reached skill level 10 in Long Blades
  5649 | D:6      | Reached XP level 9. HP: 75/75 MP: 8/8
  5869 | D:7      | Found a shadowy altar of Dithmenos.
  6084 | D:7      | Reached ** piety under Okawaru
  6283 | D:7      | Found a glowing golden altar of the Shining One.
  6320 | D:7      | Found a transporter.
  6543 | D:7      | Found a transporter.
  6554 | D:7      | Found a basalt altar of Yredelemnul.
  6558 | D:7      | Noticed Menkaure
  6564 | D:7      | Found an ancient bone altar of Kikubaaqudgha.
  6622 | D:7      | Killed Menkaure
  6647 | D:7      | Got a slimy ivory ring
  6663 | D:7      | Identified the ring "Taineon" {rC+ rN+ MP+9 Str+3} (You
                  | found it on level 7 of the Dungeon)
  7142 | D:7      | Found a runed translucent gate.
  7143 | D:7      | Noticed Feetnoise's ghost (novice MiBe)
  7143 | D:7      | Found a runed translucent gate.
  7144 | D:7      | Found a runed translucent gate.
  7149 | D:7      | Found a roughly hewn altar of Beogh.
  7722 | D:7      | Killed Feetnoise's ghost
  7722 | D:7      | Reached *** piety under Okawaru
  7722 | D:7      | Reached XP level 10. HP: 84/84 MP: 9/9
  7928 | D:8      | Found Zonta's Book Boutique.
  8363 | D:8      | Reached **** piety under Okawaru
  8392 | D:8      | Found a staircase to the Lair.
  8729 | D:8      | Found Meum's General Store.
  8800 | D:8      | Found Masygg's General Store.
  9025 | D:8      | Found Zitumoich's Antique Armour Shoppe.
  9055 | D:8      | Noticed a two-headed ogre
  9062 | D:8      | Killed a two-headed ogre
  9321 | D:8      | Found Aptiwk's Jewellery Boutique.
  9429 | D:9      | Reached skill level 10 in Shields
  9462 | D:9      | Reached ***** piety under Okawaru
  9736 | D:9      | Found a hazy altar of Hepliaklqana.
  9844 | D:9      | Received a gift from Okawaru
  9916 | D:9      | Found a staircase to the Orcish Mines.
  9976 | D:9      | Reached XP level 11. HP: 90/95 MP: 10/10
 10365 | D:9      | Reached skill level 5 in Dodging
 10832 | D:9      | Found a snail-covered altar of Cheibriados.
 10893 | Lair:1   | Entered Level 1 of the Lair of Beasts
 10946 | Lair:1   | Received a gift from Okawaru
 12088 | Lair:2   | Noticed a seven-headed hydra
 12709 | Lair:2   | Killed an eight-headed hydra
 13055 | Lair:3   | Noticed Snorg
 13096 | Lair:3   | Killed Snorg
 13096 | Lair:3   | Reached skill level 10 in Fighting
 13594 | Lair:3   | Noticed a four-headed hydra
 13604 | Lair:3   | Killed a four-headed hydra
 14201 | Lair:4   | Reached skill level 10 in Armour
 14205 | Lair:4   | Reached XP level 12. HP: 97/107 MP: 11/11
 14642 | Lair:4   | Found a hole to the Spider Nest.
 14727 | Lair:4   | Found a staircase to the Swamp.
 14803 | Lair:4   | Noticed a six-headed hydra
 14870 | Lair:4   | Received a gift from Okawaru
 15001 | Lair:4   | Killed a six-headed hydra
 15422 | Lair:4   | Noticed a death yak
 15438 | Lair:4   | Killed a death yak
 16606 | Lair:6   | Entered Level 6 of the Lair of Beasts
 16807 | Lair:6   | Noticed a seven-headed hydra
 16811 | Lair:6   | Found a staircase to the Slime Pits.
 16820 | Lair:6   | Killed a seven-headed hydra
 17008 | Lair:6   | Reached XP level 13. HP: 96/118 MP: 12/12
 17099 | Lair:6   | Received a gift from Okawaru
 17099 | Lair:6   | Reached ****** piety under Okawaru
 17115 | Lair:6   | Identified a scroll of acquirement
 18248 | Lair:6   | Received a gift from Okawaru
 19249 | Orc:1    | Entered Level 1 of the Orcish Mines
 19494 | Orc:1    | Noticed Fannar
 19503 | Orc:1    | Killed Fannar
 19642 | Orc:2    | Entered Level 2 of the Orcish Mines
 20111 | Orc:2    | Found Fozaviomm's Gadget Boutique.
 20111 | Orc:2    | Found Ilacidod's Distillery.
 20113 | Orc:2    | Found Savuming's Armour Emporium.
 20115 | Orc:2    | Found Angocuci's Weapon Shop.
 20123 | Orc:2    | Reached skill level 15 in Long Blades
 20181 | Orc:2    | Found a staircase to the Elven Halls.
 20324 | Orc:2    | Found Nurhazug's General Store.
 20847 | D:10     | Entered Level 10 of the Dungeon
 21037 | D:10     | Reached XP level 14. HP: 130/130 MP: 13/13
 21268 | D:10     | You fall through a shaft for 2 floors!
 21340 | D:12     | Received a gift from Okawaru
 21458 | D:12     | Found the +3 giant club "Skullcrusher" {speed, Str+7}
 21573 | D:12     | Noticed Jorgrun
 21611 | D:12     | Killed Jorgrun
 21888 | D:12     | Received a gift from Okawaru
 21892 | D:12     | Got an encrusted crystal plate armour {god gift}
 21903 | D:12     | Identified the +1 crystal plate armour of the Demon Prince
                  | {+Inv rCorr Dex-5} (Okawaru gifted it to you on level 12 of
                  | the Dungeon)
 22219 | D:12     | Noticed Frances
 22231 | D:12     | Killed Frances
 22429 | D:13     | Found a flickering gateway to a bazaar.
 22434 | Bazaar   | Entered a bazaar
 22436 | Bazaar   | Found Fupemput's Magic Scroll Boutique.
 22440 | Bazaar   | Found Pojaqes's Food Boutique.
 22440 | Bazaar   | Found Imyx's Antique Weapon Boutique.
 22440 | Bazaar   | Found Xuziad's Antique Armour Boutique.
 22478 | Bazaar   | Bought a scroll of acquirement for 572 gold pieces
 22493 | D:13     | Found the +2 pair of boots of the Assassin {Detection Stab+
                  | Stlth++}
 22702 | D:13     | Noticed Sonja
 22706 | D:13     | Killed Sonja
 22706 | D:13     | Reached skill level 15 in Shields
 23074 | D:13     | Found a shattered altar of Ashenzari.
 23076 | D:13     | Found an ornate altar of the Wu Jian Council.
 23076 | D:13     | Found a glowing silver altar of Zin.
 23089 | D:13     | Found a stormy altar of Qazlal.
 23089 | D:13     | Found a shimmering altar of Xom.
 23089 | D:13     | Found a glowing golden altar of the Shining One.
 23154 | D:13     | Reached skill level 1 in Invocations
 23707 | D:13     | Received a gift from Okawaru
 24236 | D:14     | Found a gate to the Vaults.
 24557 | D:15     | Entered Level 15 of the Dungeon
 24665 | D:15     | Reached XP level 15. HP: 120/139 MP: 16/16
 24993 | D:15     | Found a staircase to the Depths.
 25270 | D:15     | Reached skill level 10 in Dodging
 25344 | D:15     | Found a shadowy altar of Dithmenos.
 25361 | D:15     | Reached skill level 15 in Fighting
 26074 | D:11     | Identified the -5 shield of Coronation {rF+ MR+}
 26088 | D:11     | Received a gift from Okawaru
 26121 | D:11     | Reached skill level 15 in Armour
 26161 | D:11     | Identified a +2 pair of boots of running (Okawaru gifted it
                  | to you on level 11 of the Dungeon)
 26376 | D:11     | Noticed Urug
 26392 | D:11     | Killed Urug
 26423 | D:11     | Noticed Grum
 26435 | D:11     | Reached skill level 5 in Invocations
 26448 | D:11     | Killed Grum
 27260 | Swamp:1  | Entered Level 1 of the Swamp
 27748 | Swamp:1  | Noticed Kirke
 28073 | Swamp:1  | Noticed a sphinx
 28082 | Swamp:1  | Killed Kirke
 28785 | Swamp:2  | Found a burning altar of Makhleb.
 28954 | Swamp:2  | Noticed a thorn hunter
 28971 | Swamp:2  | Killed a thorn hunter
 28971 | Swamp:2  | Reached XP level 16. HP: 96/150 MP: 19/19
 29269 | Swamp:2  | Received a gift from Okawaru
 29272 | Swamp:2  | Got a spiked plate armour {god gift}
 29283 | Swamp:2  | Identified the +8 plate armour of the Will of the Gods
                  | {rPois rC+++ Str-5 Int+4} (Okawaru gifted it to you on
                  | level 2 of the Swamp)
 30042 | Swamp:3  | Paralysed by a hornet for 1 turns
 30884 | Swamp:4  | Entered Level 4 of the Swamp
 31081 | Swamp:4  | Noticed a thorn hunter
 31577 | Swamp:3  | Killed a thorn hunter
 31577 | Swamp:3  | Received a gift from Okawaru
 32293 | Swamp:4  | Got a decaying rune of Zot
 32916 | Spider:1 | Entered Level 1 of the Spider Nest
 33073 | Spider:1 | Noticed Agnes
 33075 | Spider:1 | Noticed Aizul
 33082 | Spider:1 | Killed Agnes
 33098 | Spider:1 | Killed Aizul
 33273 | Spider:1 | You fall through a shaft!
 33560 | Spider:2 | Reached XP level 17. HP: 141/159 MP: 22/22
 33654 | Spider:2 | You fall through a shaft!
 33844 | Spider:3 | Reached skill level 15 in Dodging
 33983 | Spider:3 | Received a gift from Okawaru
 34241 | Spider:4 | Entered Level 4 of the Spider Nest
 36081 | Spider:4 | Reached skill level 10 in Invocations
 36664 | Spider:4 | Got a gossamer rune of Zot
 36856 | Spider:2 | Received a gift from Okawaru
 37558 | Spider:1 | Reached XP level 18. HP: 166/168 MP: 24/24
 37818 | Spider:1 | Noticed Donald
 37844 | Spider:1 | Killed Donald
 38039 | Spider:1 | Found a runed translucent door.
 38039 | Spider:1 | Found a shimmering altar of Xom.
 38039 | Spider:1 | Identified the +8 war axe "Yhor" {chaos, rElec}
 38039 | Spider:1 | Noticed RatmanManrat's ghost (adept MiBe)
 38100 | Spider:1 | Killed RatmanManrat's ghost
 38100 | Spider:1 | Received a gift from Okawaru
 38534 | Spider:1 | Gained mutation: Your spells are a little harder to cast,
                  | but a little more powerful. [potion of mutation]
 38534 | Spider:1 | Gained mutation: Your flesh is heat resistant. (rF+)
                  | [potion of mutation]
 38860 | Vaults:1 | Entered Level 1 of the Vaults
 40250 | Vaults:1 | Found Saoreps's Assorted Antiques.
 40322 | Vaults:1 | Received a gift from Okawaru
 40765 | Vaults:2 | Found a ruined gateway.
 40772 | Vaults:2 | Paralysed by a floating eye for 2 turns
 40777 | Vaults:2 | Paralysed by a floating eye for 2 turns
 40779 | Desolati | Entered the Desolation of Salt
 41012 | Desolati | Identified Dapesuc's Guide on Envenoming
 41014 | Desolati | Identified the Compendium of Supportive Enchantment
 41021 | Desolati | Got a vibrating brass ring
 41023 | Desolati | Identified the ring "Duemot" {Str+4 Dex+5 Stlth+} (You
                  | found it in the Desolation of Salt)
 41028 | Desolati | Got a scorched great sword
 41587 | Desolati | Found the +8 storm bow {elec}
 41587 | Desolati | Identified the Guide on Fire
 41697 | Desolati | Reached XP level 19. HP: 178/178 MP: 26/26
 42067 | Desolati | Identified Muharelawn's Grimoire of Igneous Good Luck
 42076 | Desolati | Identified Kaisij's Almanac of Nocuous Lightness
 42246 | Desolati | Received a gift from Okawaru
 42256 | Desolati | Got a pair of faintly glowing boots {god gift}
 42267 | Desolati | Identified the +1 pair of boots of Chimes {+Blink rF+ MR+++
                  | Int-2} (Okawaru gifted it to you in the Desolation of Salt)
 42408 | Vaults:2 | Paralysed by a floating eye for 3 turns
 42418 | Vaults:2 | Noticed Faydane's ghost (veteran HuFi)
 42459 | Vaults:2 | Killed Faydane's ghost
 42665 | Vaults:2 | Found a runed translucent gate.
 43138 | Vaults:2 | Identified the +5 great sword of Ytouf {elec, Dex+6} (You
                  | found it in the Desolation of Salt)
 43229 | Vaults:2 | Noticed Bai Suzhen
 43248 | Vaults:2 | Killed Bai Suzhen
 43421 | Vaults:2 | Noticed Frederick
 43440 | Vaults:2 | Killed Frederick
 43470 | Vaults:2 | Received a gift from Okawaru
 43557 | Vaults:2 | Got a twisted double sword {god gift}
 43558 | Vaults:2 | Identified the +2 double sword of Dishonesty {drain, MR+}
                  | (Okawaru gifted it to you on level 2 of the Vaults)
 43921 | Vaults:2 | Found Tuevik's Assorted Antiques.
 43936 | Vaults:2 | Found a runed translucent gate.
 43936 | Vaults:2 | Found a runed translucent gate.
 43951 | Vaults:2 | Got a fine hat
 43962 | Vaults:2 | Identified the +2 hat of Dykiub {rElec rF+} (You found it
                  | on level 2 of the Vaults)
 44641 | Vaults:3 | Received a gift from Okawaru
 44662 | Vaults:3 | Reached XP level 20. HP: 167/189 MP: 27/27
 45018 | Vaults:3 | Found a staircase to the Crypt.
 45018 | Vaults:3 | Found a basalt altar of Yredelemnul.
 45019 | Vaults:3 | Found an ancient bone altar of Kikubaaqudgha.
 46031 | Vaults:3 | Found a roughly hewn altar of Beogh.
 46721 | Vaults:4 | Found a flickering gateway to a bazaar.
 46732 | Bazaar   | Entered a bazaar
 46732 | Bazaar   | Found Cinot's Antique Weapon Boutique.
 46739 | Bazaar   | Found Fodila's Antique Armour Emporium.
 46761 | Bazaar   | Found Tirypad's Magic Scroll Boutique.
 46772 | Bazaar   | Found Tiwkepn's Jewellery Shoppe.
 46780 | Bazaar   | Found Tismusif's General Store.
 46810 | Bazaar   | Bought a bloodstained hat for 189 gold pieces
 46820 | Bazaar   | Identified the +2 hat "Ottooh" {rPois rCorr Str-2 Dex-4}
                  | (You bought it in a shop in a bazaar)
 46849 | Vaults:4 | Received a gift from Okawaru
 47857 | Vaults:5 | Entered Level 5 of the Vaults
 48298 | Vaults:4 | Received a gift from Okawaru
 48464 | Vaults:5 | Noticed a golden dragon
 48662 | Vaults:4 | Reached XP level 21. HP: 113/199 MP: 28/28
 48673 | Vaults:4 | Killed a golden dragon
 49434 | Vaults:5 | Noticed a golden dragon
 49434 | Vaults:5 | Noticed a golden dragon
 49457 | Vaults:5 | Killed a golden dragon
 49587 | Vaults:5 | Received a gift from Okawaru
 49640 | Vaults:5 | Killed a ghostly golden dragon
 49640 | Vaults:5 | Noticed an ancient lich
 50631 | Vaults:5 | Received a gift from Okawaru
 50778 | Vaults:5 | Killed an ancient lich
 50860 | Vaults:5 | Identified the +4 falchion of the Unseen Realm {freeze, rN+
                  | SInv}
 50860 | Vaults:5 | Identified the +1 leather armour of the Guilds {rElec MP+9
                  | Str+5}
 50878 | Vaults:5 | Identified the +6 hand axe of Distant Shores {chop, rPois
                  | Str+3 Dex+4}
 50902 | Vaults:5 | Identified the cursed +1 quarterstaff "Concordance" {crush,
                  | *Corrode +Rage Str+3 Dex+8}
 50920 | Vaults:5 | Identified Sif Muna's Reference Book on Beguiling and
                  | Intoxication
 50927 | Vaults:5 | Got a silver rune of Zot
 51003 | Vaults:5 | Identified the +1 leather armour of Responsibility {rPois
                  | Stlth+}
 51102 | Vaults:5 | Found the +3 Elemental Staff {rElec rF++ rC++ MR++ AC+5}
 51324 | Vaults:5 | Noticed an ancient lich
 51334 | Vaults:5 | Killed an ancient lich
 51334 | Vaults:5 | Reached XP level 22. HP: 201/211 MP: 29/29
 51367 | Vaults:5 | Killed a golden dragon
 51420 | Vaults:5 | Received a gift from Okawaru
 52294 | Elf:1    | Entered Level 1 of the Elven Halls
 52505 | Elf:1    | Found Uhahaol's Food Boutique.
 52519 | Elf:1    | Found Seorph's Armour Emporium.
 52549 | Elf:1    | Found Xusaixuniu's Antique Weapon Emporium.
 52622 | Elf:1    | Found a radiant altar of Vehumet.
 52643 | Elf:1    | Received a gift from Okawaru
 52764 | Elf:1    | Got a pair of polished gloves
 52770 | Elf:1    | Identified the +1 pair of gloves of Difroi {-Tele +Inv
                  | rPois Slay-2} (You acquired it on level 1 of the Elven
                  | Halls)
 53008 | Elf:1    | Found Waedwot Zuoh's Weapon Emporium.
 53009 | Elf:1    | Identified Adghagin's Almanac of Unholy Arts
 53565 | Elf:2    | Identified the cursed +2 morningstar "Geboul" {pain,
                  | Fragile +Fly rPois}
 53847 | Elf:2    | Found a huge runed translucent gate.
 53847 | Elf:2    | Found a huge runed translucent gate.
 53848 | Elf:2    | Found a huge runed translucent gate.
 53848 | Elf:2    | Found a huge runed translucent gate.
 53848 | Elf:2    | Found a huge runed translucent gate.
 54204 | Elf:3    | Entered Level 3 of the Elven Halls
 54303 | Elf:3    | Found Gaedgh's Antique Weapon Emporium.
 54425 | Elf:3    | Received a gift from Okawaru
 54441 | Elf:3    | Identified the +0 pair of boots of Defence {Int+6} (Okawaru
                  | gifted it to you on level 3 of the Elven Halls)
 54563 | Elf:3    | Reached XP level 23. HP: 162/221 MP: 30/30
 54716 | Elf:3    | Identified the ring "Copidd" {rN+ Str+2 Int+2}
 55130 | Elf:3    | Found the +3 warlock's mirror {reflect}
 55143 | Elf:3    | Got a wavering granite ring
 55145 | Elf:3    | Identified the ring of the Allies {rCorr +Blink SInv} (You
                  | found it on level 3 of the Elven Halls)
 55787 | Depths:1 | Entered Level 1 of the Depths
 55978 | Depths:1 | Found a one-way gate to the infinite horrors of the Abyss.
 55979 | Depths:1 | Found Soaceg's Superlative Supplies.
 56059 | Depths:1 | Found a runed translucent door.
 56066 | Depths:1 | You fall through a shaft!
 56075 | Depths:2 | Noticed Mara
 56078 | Depths:2 | Noticed Lauz's illusion
 56117 | Depths:2 | Killed Mara
 56117 | Depths:2 | Received a gift from Okawaru
 56216 | Depths:2 | Found a gateway to Hell.
 56375 | Depths:2 | Found a one-way gate leading to the halls of Pandemonium.
 56777 | Depths:2 | Found a gateway to a ziggurat.
 56924 | Depths:3 | Noticed a juggernaut
 56924 | Depths:3 | Noticed a juggernaut
 56936 | Depths:2 | Killed a juggernaut
 57135 | Depths:3 | Killed a juggernaut
 57660 | Depths:3 | Identified the amulet "Gekhlanto" {+Rage rC++} (You found
                  | it on level 3 of the Depths)
 57692 | Depths:3 | Reached XP level 24. HP: 179/232 MP: 30/30
 57727 | Depths:3 | Received a gift from Okawaru
 58588 | Depths:4 | Paralysed by a floating eye for 4 turns
 58612 | Depths:4 | Noticed Boris
 58628 | Depths:4 | Killed Boris
 58667 | Depths:4 | Received a gift from Okawaru
 59828 | Depths:5 | Entered Level 5 of the Depths
 59924 | Depths:5 | Found Zeolianyi's Distillery.
 60433 | Depths:5 | Paralysed by a floating eye for 3 turns
 60677 | Depths:5 | Found a gate to the Realm of Zot.
 60889 | Depths:5 | Reached skill level 1 in Throwing
 60898 | Depths:5 | Reached XP level 25. HP: 243/243 MP: 30/30
 61209 | Depths:5 | Received a gift from Okawaru
 61624 | Zot:1    | Entered Level 1 of the Realm of Zot
 62135 | Zot:1    | Learned a level 1 spell: Summon Small Mammal
 62290 | Zot:1    | Noticed an orb of fire
 62295 | Zot:1    | Reached skill level 5 in Throwing
 62308 | Zot:1    | Killed an orb of fire
 62377 | Zot:1    | Received a gift from Okawaru
 63126 | Zot:1    | Noticed an orb of fire
 63136 | Zot:1    | Gained mutation: You tend to lose your temper in combat.
                  | [an orb of fire]
 63144 | Zot:1    | Gained mutation: You have supernaturally acute eyesight.
                  | (SInv) [an orb of fire]
 63147 | Zot:1    | Gained mutation: You often lose your temper in combat. [an
                  | orb of fire]
 63151 | Zot:1    | Killed an orb of fire
 63508 | Zot:2    | Noticed a Killer Klown
 63598 | Zot:2    | Killed a Killer Klown
 63789 | Zot:2    | Reached XP level 26. HP: 251/251 MP: 30/30
 63829 | Zot:2    | Reached skill level 27 in Long Blades
 64119 | D:8      | Bought warped pearl dragon scales for 2484 gold pieces
 64119 | D:8      | Identified the cursed +0 pearl dragon scales of Grottiness
                  | {rN+ rCorr} (You bought it in a shop on level 8 of the
                  | Dungeon)
 64445 | Zot:2    | Received a gift from Okawaru
 65075 | Zot:3    | Noticed an orb of fire
 65083 | Zot:3    | Received a gift from Okawaru
 65093 | Zot:3    | Gained mutation: You do not regenerate when monsters are
                  | visible. [an orb of fire]
 65095 | Zot:3    | Gained mutation: Armour fits poorly on your strangely
                  | shaped body. [an orb of fire]
 65101 | Zot:3    | Killed an orb of fire
 65125 | Zot:3    | Received a gift from Okawaru
 66900 | Zot:4    | Received a gift from Okawaru
 67499 | Zot:3    | Reached skill level 1 in Summonings
 68038 | Zot:4    | Identified the +10 scimitar "Nompoetu" {antimagic, MR+
                  | Str+4 Stlth-} (Okawaru gifted it to you on level 4 of the
                  | Realm of Zot)
 68646 | Vaults:2 | Lost mutation: You often lose your temper in combat.
                  | [potion of mutation]
 68646 | Vaults:2 | Lost mutation: You tend to lose your temper in combat.
                  | [potion of mutation]
 68646 | Vaults:2 | Lost mutation: Your spells are a little harder to cast, but
                  | a little more powerful. [potion of mutation]
 68646 | Vaults:2 | Gained mutation: Your spells are a little easier to cast,
                  | but a little less powerful. [potion of mutation]
 68646 | Vaults:2 | Gained mutation: You are resistant to hostile enchantments.
                  | (MR+) [potion of mutation]
 68921 | Zot:5    | Entered Level 5 of the Realm of Zot
 68927 | Zot:5    | Noticed an orb of fire
 68930 | Zot:5    | Gained mutation: You occasionally shout uncontrollably at
                  | your foes. [an orb of fire]
 68939 | Zot:5    | Gained mutation: Your magical capacity is low. (-10% MP)
                  | [an orb of fire]
 68941 | Zot:5    | Gained mutation: Your magical capacity is very low. (-20%
                  | MP) [an orb of fire]
 68953 | Zot:5    | Killed an orb of fire
 68953 | Zot:5    | Reached skill level 27 in Shields
 69560 | Slime:1  | Entered Level 1 of the Pits of Slime
 70056 | Slime:2  | Gained mutation: You are dopey. (Int -2) [a shining eye]
 70062 | Slime:2  | Received a gift from Okawaru
 70069 | Slime:2  | Reached XP level 27. HP: 254/261 MP: 23/23
 70249 | Slime:2  | Gained mutation: You tend to lose your temper in combat. [a
                  | shining eye]
 70757 | Slime:5  | Entered Level 5 of the Pits of Slime
 71684 | Slime:5  | Gained mutation: You are clumsy. (Dex -2) [a shining eye]
 71708 | Slime:5  | Noticed the Royal Jelly
 74438 | Slime:5  | Killed the Royal Jelly
 75611 | Slime:5  | Identified the Almanac of Dark Arts and the Rocks
 75672 | Slime:5  | Got a slimy rune of Zot
 75715 | Slime:5  | Identified the +0 triple sword "Qicarur" {protect, *Corrode
                  | Int+4 Dex+2} (You acquired it on level 5 of the Pits of
                  | Slime)
 76623 | D:4      | Fell from the grace of Okawaru
 76623 | D:4      | Became a worshipper of Zin the Law-Giver
 76623 | D:4      | Reached * piety under Zin
 76623 | D:4      | Reached ** piety under Zin
 76628 | D:4      | Bought a potion of curing for 90 gold pieces
 76999 | Depths:1 | Donated 2411 gold pieces to Zin
 77001 | Depths:1 | Voluntarily entered the Abyss.
 77017 | Abyss:1  | Reached *** piety under Zin
 77134 | Abyss:1  | Reached **** piety under Zin
 77285 | Abyss:2  | Reached ***** piety under Zin
 77719 | Abyss:2  | Reached ****** piety under Zin
 77846 | Abyss:2  | Lost mutation: You tend to lose your temper in combat.
                  | [potion of mutation]
 77846 | Abyss:2  | Lost mutation: You are dopey. (Int -2) [potion of mutation]
 77846 | Abyss:2  | Lost mutation: You occasionally shout uncontrollably at
                  | your foes. [potion of mutation]
 77882 | Abyss:2  | Reached skill level 10 in Throwing
 79136 | Abyss:3  | HP: 12/261 [lich/crystal spear (47)]
 79254 | Abyss:4  | Lost intelligence.
 79320 | Abyss:4  | Lost intelligence.
 79443 | Abyss:4  | Reached skill level 5 in Summonings
 79938 | Abyss:5  | Entered Level 5 of the Abyss
 79938 | Abyss:5  | Entered Level 5 of the Abyss
 79960 | Depths:1 | Escaped the Abyss
 79975 | Depths:1 | HP: 11/264 [deep elf blademaster/+0 rapier[the fury of
                  | Okawaru] (6)]
 80854 | Depths:1 | Got a smoking brass ring
 80855 | Depths:1 | Identified the ring of Wonder {Fire SInv} (You found it on
                  | level 1 of the Depths)
 80916 | Depths:1 | Voluntarily entered the Abyss.
 80938 | Abyss:1  | Paralysed by accursed screaming for 1 turns
 80999 | Depths:1 | Escaped the Abyss
 81509 | Depths:1 | Voluntarily entered the Abyss.
 81509 | Abyss:1  | Noticed an ancient lich
 81519 | Abyss:1  | Killed an ancient lich
 81662 | Abyss:1  | Found a corrupted altar of Lugonu.
 81910 | Abyss:2  | Paralysed by accursed screaming for 1 turns
 81921 | Abyss:2  | Paralysed by accursed screaming for 1 turns
 82117 | Depths:1 | Escaped the Abyss
 82264 | Depths:1 | Voluntarily entered the Abyss.
 82270 | Abyss:1  | Noticed an ancient lich
 82279 | Abyss:2  | Found a corrupted altar of Lugonu.
 82698 | Abyss:3  | Paralysed by a floating eye for 3 turns
 82711 | Abyss:3  | Paralysed by a floating eye for 4 turns
 82718 | Abyss:3  | Paralysed by a floating eye for 2 turns
 82730 | Abyss:3  | Paralysed by a floating eye for 3 turns
 82778 | Abyss:3  | Paralysed by a floating eye for 3 turns
 82785 | Abyss:3  | Paralysed by a floating eye for 3 turns
 82791 | Abyss:3  | Paralysed by a floating eye for 3 turns
 82795 | Abyss:3  | Paralysed by a floating eye for 2 turns
 82819 | Abyss:3  | Got an abyssal rune of Zot
 82836 | Depths:1 | Escaped the Abyss
 83621 | Hell     | Entered the Vestibule of Hell
 83636 | Hell     | Noticed Geryon
 83674 | Hell     | Killed Geryon
 84330 | Hell     | Found a gateway to the Iron City of Dis.
 84621 | Hell     | Found a gateway to the freezing wastes of Cocytus.
 84757 | Hell     | Found a gateway to the decaying netherworld of Tartarus.
 84847 | Hell     | Found a gateway to the ashen valley of Gehenna.
 85025 | Geh:1    | Entered Level 1 of Gehenna
 85404 | Crypt:1  | Entered Level 1 of the Crypt
 85447 | Crypt:1  | Noticed Margery
 85462 | Crypt:1  | Killed Margery
 85535 | Crypt:1  | Found a magical portal.
 85540 | WizLab   | Entered Wucad Mu's Monastery
 85930 | WizLab   | Found the +9 staff of Wucad Mu {channel}
 86797 | Crypt:2  | Noticed Boris
 86798 | Crypt:2  | Noticed Xtahua
 86809 | Crypt:2  | Killed Boris
 86839 | Crypt:2  | Killed Xtahua
 87226 | Crypt:2  | Was forgiven by Okawaru
 87549 | Crypt:2  | Identified the Tome of Necromancy
 87883 | Crypt:3  | Entered Level 3 of the Crypt
 88102 | Crypt:3  | Lost intelligence.
 88202 | Crypt:3  | Found a basalt altar of Yredelemnul.
 88240 | Crypt:3  | Found an ancient bone altar of Kikubaaqudgha.
 88260 | Crypt:3  | Lost mutation: You are resistant to hostile enchantments.
                  | (MR+) [potion of mutation]
 88260 | Crypt:3  | Lost mutation: You are clumsy. (Dex -2) [potion of
                  | mutation]
 88308 | Crypt:3  | Identified Bacir's Collected Works on Flamy Transformation
 88792 | Crypt:3  | Found a staircase to the Tomb.
 89258 | D:7      | Fell from the grace of Zin
 89258 | D:7      | Became a worshipper of the Shining One
 89258 | D:7      | Reached * piety under the Shining One
 89258 | D:7      | Reached ** piety under the Shining One
 89258 | D:7      | Reached *** piety under the Shining One
 89481 | Tar:1    | Entered Level 1 of Tartarus
 89518 | Geh:1    | Reached **** piety under the Shining One
 89545 | Geh:1    | Reached skill level 27 in Armour
 89722 | Geh:1    | Reached ***** piety under the Shining One
 89834 | Geh:1    | Reached ****** piety under the Shining One
 89847 | Geh:1    | Found a burning altar of Makhleb.
 90445 | Geh:3    | Reached skill level 1 in Spellcasting
 90554 | Geh:3    | Lost intelligence.
 91535 | Geh:7    | Entered Level 7 of Gehenna
 91797 | Geh:7    | Reached skill level 27 in Fighting
 91895 | Geh:7    | Lost intelligence.
 92228 | Geh:7    | Noticed the Serpent of Hell
 92246 | Geh:7    | Killed the Serpent of Hell
 92492 | Geh:7    | Identified the +6 hand axe of the Invisible People {freeze,
                  | +Blink MR- Int+5 Dex+2}
 92498 | Geh:7    | Reached skill level 15 in Throwing
 92498 | Geh:7    | Reached skill level 1 in Evocations
 92510 | Geh:7    | Identified the +7 sceptre of Asmodeus
 92510 | Geh:7    | Noticed Asmodeus
 92544 | Geh:7    | Killed Asmodeus
 92563 | Geh:7    | Got an obsidian rune of Zot
 92788 | Coc:1    | Entered Level 1 of Cocytus
 92838 | Coc:2    | Reached skill level 10 in Summonings
 93264 | Coc:7    | Entered Level 7 of Cocytus
 93285 | Coc:7    | Reached skill level 5 in Spellcasting
 94310 | Coc:7    | Identified the +4 mace of Past Mistakes {vamp, *Corrode
                  | Str+7 Int+7}
 94310 | Coc:7    | Noticed Antaeus
 94326 | Coc:7    | Reached skill level 5 in Evocations
 94342 | Coc:7    | Killed Antaeus
 94378 | Coc:7    | Got an icy rune of Zot
 94383 | Coc:7    | Identified Sif Muna's Disquisition on Blistering Summoning
 94385 | Coc:7    | Identified Sirhafag's Guide on Warped Summoning
 94394 | Coc:7    | Identified the ring "Woal" {rElec rF- rC+ Str+4} (You found
                  | it on level 7 of Cocytus)
 94670 | Dis:1    | Entered Level 1 of the Iron City of Dis
 94896 | Dis:1    | Reached skill level 27 in Dodging
 96038 | Dis:7    | Entered Level 7 of the Iron City of Dis
 96254 | Dis:7    | HP: 9/270 [iron giant/iron giant (11)]
 98416 | Dis:7    | Gained mutation: You are frail. (-10% HP) [mutagenic glow]
 98418 | Dis:7    | Lost intelligence.
 98446 | Dis:7    | Gained mutation: You are weak. (Str -2) [mutagenic glow]
 98657 | Dis:7    | Reached skill level 10 in Spellcasting
100369 | Dis:7    | Identified the +4 staff of Dispater
100369 | Dis:7    | Noticed Dispater
100406 | Dis:7    | Killed Dispater
100484 | Dis:7    | Got a wavering lapis lazuli ring
100485 | Dis:7    | Identified the ring "Feoroe" {Wiz *Corrode rPois rC+ Str+2}
                  | (You found it on level 7 of the Iron City of Dis)
100487 | Dis:7    | Got an iron rune of Zot
100655 | Dis:7    | Identified the cursed +0 plate armour of Sif Muna's Delight
                  | {rF- rC+ MR+} (You found it on level 7 of the Iron City of
                  | Dis)
100727 | Dis:7    | Identified the ring of Dokhiuth {rElec rPois rC+} (You
                  | found it on level 7 of the Iron City of Dis)
100763 | Dis:7    | Identified the Catalogue of the Sinister Rocks
101208 | Tar:2    | Reached skill level 10 in Evocations
101660 | Tar:3    | You fall through a shaft!
102486 | Tar:7    | Entered Level 7 of Tartarus
103000 | Tar:7    | Got a scintillating emerald amulet
103001 | Tar:7    | Identified the amulet of Piufias {Acrobat rC+ Int+3} (You
                  | found it on level 7 of Tartarus)
103757 | Tar:7    | Noticed Ereshkigal
103774 | Tar:7    | Killed Ereshkigal
103806 | Tar:7    | Identified Azabuox's Volume of Toxins
103814 | Tar:7    | Got a bone rune of Zot
103844 | Tar:7    | Got a slimy plate armour
103855 | Tar:7    | Identified the +0 plate armour "Webokaal" {rF+ Str+2} (You
                  | found it on level 7 of Tartarus)
104254 | Tomb:1   | Entered Level 1 of the Tomb of the Ancients
104593 | Tomb:1   | Noticed a greater mummy
104593 | Tomb:1   | Noticed a greater mummy
104598 | Tomb:1   | Noticed a greater mummy
105085 | Tomb:1   | Noticed a greater mummy
105093 | Tomb:1   | Killed a greater mummy
105270 | Tomb:1   | Killed a greater mummy
105278 | Tomb:1   | Killed a greater mummy
105741 | Tomb:1   | Killed a greater mummy
106044 | Tomb:2   | Noticed Jory
106044 | Tomb:2   | Noticed Boris
106048 | Tomb:2   | Noticed a greater mummy
106049 | Tomb:2   | Noticed a greater mummy
106050 | Tomb:2   | Noticed an ancient lich
106053 | Tomb:2   | Noticed a greater mummy
106053 | Tomb:2   | Noticed a greater mummy
106060 | Tomb:2   | Killed Boris
106087 | Tomb:2   | Killed an ancient lich
106101 | Tomb:2   | Killed a greater mummy
106111 | Tomb:2   | Killed a greater mummy
106119 | Tomb:2   | Killed a greater mummy
106125 | Tomb:2   | Killed Jory
106135 | Tomb:2   | Killed a greater mummy
106145 | Tomb:2   | HP: 11/245 [mummy priest/divine providence (10)]
107395 | Tomb:1   | Noticed a greater mummy
107395 | Tomb:1   | Noticed a greater mummy
107401 | Tomb:1   | Killed a greater mummy
107408 | Tomb:1   | Killed a greater mummy
107409 | Tomb:1   | Noticed a greater mummy
107411 | Tomb:1   | Noticed a greater mummy
107413 | Tomb:1   | Killed a greater mummy
107415 | Tomb:1   | Noticed a greater mummy
107416 | Tomb:1   | Noticed a greater mummy
107421 | Tomb:1   | Killed a greater mummy
107860 | Tomb:1   | Killed a greater mummy
107874 | Tomb:1   | Killed a greater mummy
107889 | Tomb:1   | Noticed a greater mummy
107895 | Tomb:1   | Noticed a greater mummy
107896 | Tomb:1   | Killed a greater mummy
107904 | Tomb:1   | Killed a greater mummy
108266 | Tomb:1   | Got a shimmering pewter ring
108268 | Tomb:1   | Identified the ring "Upteoz" {rCorr MR++ Stlth-} (You found
                  | it on level 1 of the Tomb of the Ancients)
108282 | Tomb:1   | Noticed a greater mummy
108285 | Tomb:1   | Noticed a greater mummy
108295 | Tomb:1   | Killed a greater mummy
108308 | Tomb:1   | Killed a greater mummy
108728 | Tomb:1   | Noticed a greater mummy
108733 | Tomb:1   | Noticed a greater mummy
108736 | Tomb:1   | Killed a greater mummy
108751 | Tomb:1   | Killed a greater mummy
108929 | Tomb:1   | Noticed a greater mummy
108929 | Tomb:1   | Noticed a greater mummy
108935 | Tomb:1   | Noticed a greater mummy
108936 | Tomb:1   | Noticed a greater mummy
108949 | Tomb:1   | Killed a greater mummy
109001 | Tomb:1   | Killed a greater mummy
109012 | Tomb:1   | Killed a greater mummy
109344 | Tomb:1   | Killed a greater mummy
109391 | Tomb:1   | Noticed a greater mummy
109402 | Tomb:1   | Killed a greater mummy
109885 | Tomb:3   | Entered Level 3 of the Tomb of the Ancients
109896 | Tomb:3   | Noticed a greater mummy
109905 | Tomb:3   | Killed a greater mummy
109906 | Tomb:3   | Noticed a greater mummy
109914 | Tomb:3   | Noticed a greater mummy
110684 | Pan      | Entered Pandemonium
110776 | Pan      | Noticed Giduckel the pandemonium lord
110783 | Pan      | Killed Giduckel the pandemonium lord
111055 | Pan      | Identified the cursed -6 large shield of Epter {*Corrode
                  | rF+ rC+ rN++}
111103 | Pan      | Identified the cursed +0 buckler of Mad Rino {-Tele rElec
                  | Regen+ Dex+2}
111305 | Pan      | Reached skill level 15 in Spellcasting
111341 | Pan      | Identified the +2 chain mail of the Ditch-Digger {Dex+2}
111417 | Pan      | Reached skill level 15 in Summonings
111873 | Pan      | Found a glowing golden altar of the Shining One.
111873 | Pan      | Noticed a seraph
111895 | Pan      | Killed a seraph
112106 | Pan      | Got a demonic rune of Zot
112119 | Pan      | Got a flickering silver ring
112121 | Pan      | Identified the ring "Pexieciu" {rC- MR- EV+1 Int+6 Dex+9}
                  | (You found it in Pandemonium)
112127 | Pan      | Got a clouded silver ring
112129 | Pan      | Identified a ring "Poutaj" {rPois Slay+3} (You found it in
                  | Pandemonium)
112438 | Pan      | Noticed Vowac the pandemonium lord
112819 | Pan      | Killed Vowac the pandemonium lord
112976 | Pan      | Found an exit through the horrors of the Abyss.
113098 | Pan      | Identified the +8 spear "Embalmer" {freeze, rElec Dex-3
                  | SInv}
113537 | Pan      | Reached skill level 15 in Evocations
113543 | Pan      | Noticed Aholae the pandemonium lord
113564 | Pan      | Killed Aholae the pandemonium lord
113785 | Pan      | Gained mutation: Your magical capacity is extremely low.
                  | (-30% MP) [a cacodemon]
113991 | Pan      | Lost mutation: Armour fits poorly on your strangely shaped
                  | body. [a cacodemon]
113992 | Pan      | Lost mutation: You have supernaturally acute eyesight.
                  | (SInv) [a cacodemon]
113999 | Pan      | Gained mutation: Your body sometimes deteriorates upon
                  | taking damage. [a cacodemon]
114013 | Pan      | Lost intelligence.
114032 | Pan      | Noticed Baoc the pandemonium lord
114041 | Pan      | Entered the realm of Gloorx Vloq.
114059 | Pan      | Killed Baoc the pandemonium lord
115129 | Pan      | Noticed Gloorx Vloq
115319 | Pan      | Killed Gloorx Vloq
115327 | Pan      | Got a dark rune of Zot
115887 | Pan      | Entered the realm of Lom Lobon.
116817 | Pan      | Noticed Lom Lobon
116840 | Pan      | Killed Lom Lobon
117000 | Pan      | Got a magical rune of Zot
117402 | Pan      | Noticed Rosi the pandemonium lord
117421 | Pan      | Killed Rosi the pandemonium lord
117494 | Pan      | Found a runed translucent door.
117499 | Pan      | Found a runed translucent door.
117503 | Pan      | Found a runed translucent door.
117510 | Pan      | Found a runed translucent door.
117516 | Pan      | Noticed Sutrir the pandemonium lord
117534 | Pan      | Killed Sutrir the pandemonium lord
117655 | Pan      | Entered the realm of Cerebov.
117708 | Pan      | Got a coiled steel amulet
117801 | Pan      | Identified Rafoir's Volume of Enhancements and Stolen Souls
117818 | Pan      | Identified Sif Muna's Catalogue of Supportive Battle Magic
117846 | Pan      | Identified the +6 sword of Cerebov {flame}
117846 | Pan      | Noticed Cerebov
118223 | Pan      | Killed Cerebov
118248 | Pan      | Got a fiery rune of Zot
118278 | Pan      | Got a clouded amethyst amulet
118337 | Pan      | Entered the realm of Mnoleg.
118375 | Pan      | Gained mutation: Your spells are easier to cast, but less
                  | powerful. [a neqoxec]
118537 | Pan      | Lost intelligence.
118546 | Pan      | Gained mutation: Your body often deteriorates upon taking
                  | damage. [a neqoxec]
118554 | Pan      | Gained mutation: You have sharp toenails. [a neqoxec]
118855 | Pan      | Gained mutation: Your spells are much easier to cast, but
                  | much less powerful. [a cacodemon]
118943 | Pan      | Noticed Mnoleg
118957 | Pan      | Killed Mnoleg
119002 | Pan      | Got a glowing rune of Zot
119131 | Pan      | Found an exit through the horrors of the Abyss.
119295 | Pan      | Noticed Fawiomi the pandemonium lord
119311 | Pan      | Killed Fawiomi the pandemonium lord
119354 | Pan      | Found an exit through the horrors of the Abyss.
119365 | Pan      | Took an exit into the Abyss.
119365 | Abyss:1  | Escaped into the Abyss
119402 | Abyss:1  | Reached skill level 27 in Throwing
119418 | Depths:2 | Escaped the Abyss
119605 | Depths:5 | Bought a potion of curing for 63 gold pieces
119605 | Depths:5 | Bought a potion of curing for 63 gold pieces
119605 | Depths:5 | Bought a potion of curing for 63 gold pieces
119605 | Depths:5 | Bought 2 potions of curing for 126 gold pieces
119938 | Orc:2    | Bought a potion of resistance for 160 gold pieces
119938 | Orc:2    | Bought a potion of heal wounds for 80 gold pieces
119938 | Orc:2    | Bought a potion of magic for 128 gold pieces
119938 | Orc:2    | Bought a potion of curing for 48 gold pieces
119938 | Orc:2    | Bought a potion of curing for 48 gold pieces
119938 | Orc:2    | Bought a potion of haste for 160 gold pieces
120585 | Tomb:3   | Noticed a greater mummy
120995 | Tomb:3   | HP: 6/240 [twister/tornado[the power of Zot] (9)]
120999 | Tomb:3   | Noticed a greater mummy
121000 | Tomb:3   | HP: 10/244 [poisoned by an ushabti (dark miasma)]
121002 | Tomb:3   | HP: 1/245 [greater mummy/divine providence (15)]
121003 | Tomb:3   | The Shining One protects you from harm!
121004 | Tomb:3   | Noticed a greater mummy
121007 | Tomb:3   | HP: 7/245 [??? (2)]
121067 | Tomb:3   | Got a golden rune of Zot
121092 | Tomb:3   | Noticed a greater mummy
121096 | Tomb:3   | The Shining One protects you from harm!
121097 | Tomb:3   | HP: 11/245 [??? (3)]
121099 | Tomb:3   | Killed from afar by a greater mummy

Skill      XL: |  1  2  3  4  5  6  7  8  9 10 11 12 13 14 15 16 17 18 19 20 21 22 23 24 25 26 27 |
---------------+----------------------------------------------------------------------------------+-----
Shields        | 4 5 6 7 9 10 11 13 14 15 16 17 18 19 20 21 23 24 25 27 | 27.0
Long Blades    | 4 5 6 8 10 12 13 14 15 16 17 18 19 21 22 23 24 25 26 27 | 27.0
Fighting       | 4 5 6 8 10 12 13 14 15 16 17 18 19 20 21 22 23 24 27 | 27.0
Armour         | 4 5 6 7 8 10 11 13 14 15 16 18 19 20 21 22 23 24 27 | 27.0
Dodging        | 1 2 4 5 6 9 12 14 15 16 18 19 27 | 27.0
Invocations    | 3 6 8 10 14 | 14.7
Throwing       | 1 5 7 27 | 27.0
Summonings     | 2 16 | 16.9
Spellcasting   | 16 | 16.6
Evocations     | 17 | 17.0
Stealth        | |  0.5

Action                   |  1- 3 |  4- 6 |  7- 9 | 10-12 | 13-15 | 16-18 | 19-21 | 22-24 | 25-27 || total
-------------------------+-------+-------+-------+-------+-------+-------+-------+-------+-------++-------
Melee: Long sword        |    90 |   131 |   477 |   409 |       |       |       |       |       ||  1107
       Headbutt          |    14 |    28 |    97 |   226 |   430 |   481 |   623 |   544 |  3477 ||  5920
       Scimitar          |       |       |       |   461 |    25 |       |       |       |       ||   486
       Rapier            |       |       |       |    33 |    24 |    17 |       |       |       ||    74
       Demon blade       |       |       |       |       |  1227 |       |       |       |       ||  1227
       Double sword      |       |       |       |       |   246 |  1734 |  1472 |  1457 |  9394 || 14303
       Unarmed           |       |       |       |       |    22 |       |       |       |       ||    22
Throw: Tomahawk          |       |       |       |       |     2 |     7 |       |       |       ||     9
       Javelin           |       |       |       |       |       |       |       |       |    75 ||    75
Invok: Heroism           |       |       |     3 |     3 |     2 |     5 |     6 |     2 |     4 ||    25
       Finesse           |       |       |       |       |       |     1 |     2 |     1 |     3 ||     7
       Divine Shield     |       |       |       |       |       |       |       |       |    22 ||    22
       Summon Divine War |       |       |       |       |       |       |       |       |    22 ||    22
       Recite            |       |       |       |       |       |       |       |       |    17 ||    17
       Cleansing Flame   |       |       |       |       |       |       |       |       |     6 ||     6
       Vitalisation      |       |       |       |       |       |       |       |       |     4 ||     4
       Donate Gold       |       |       |       |       |       |       |       |       |     2 ||     2
 Abil: Evoke Invisibilit |       |       |       |       |       |     9 |       |       |     1 ||    10
       Evoke Blink       |       |       |       |       |       |       |       |       |     2 ||     2
Evoke: Wand              |       |       |       |       |     1 |       |       |       |     1 ||     2
  Use: Scroll            |       |       |     3 |    17 |    19 |    11 |    10 |    10 |   102 ||   172
       Potion            |       |       |       |     1 |     1 |     3 |     5 |     1 |    74 ||    85
 Stab: Invisible         |       |       |       |       |       |    18 |       |       |     8 ||    26
       Distracted        |       |       |       |       |       |     3 |       |       |     2 ||     5
       Confused          |       |       |       |       |       |       |       |       |    21 ||    21
  Eat: Chunk             |       |     6 |    11 |    29 |    29 |    29 |    24 |    23 |    31 ||   182
       Ration            |       |       |     2 |     2 |     4 |     5 |     3 |     2 |    56 ||    74
Armor: Scale mail        |    37 |    10 |       |       |       |       |       |       |       ||    47
       Chain mail        |       |    66 |   216 |   350 |   192 |     2 |       |       |       ||   826
       Plate armour      |       |       |       |       |   433 |   883 |   377 |   263 |    94 ||  2050
       Crystal plate arm |       |       |       |       |       |       |       |       |  2195 ||  2195
       Pearl dragon scal |       |       |       |       |       |       |       |       |    80 ||    80
Dodge: Dodged            |    24 |    44 |   114 |   269 |   520 |   911 |   686 |   433 |  4172 ||  7173
Block: Shield            |    55 |    77 |   310 |   550 |  1411 |  1928 |   957 |       |  1190 ||  6478
       Reflection        |       |       |       |       |    87 |    32 |   146 |   135 |    79 ||   479
       Other             |       |       |       |       |     3 |       |       |       |       ||     3
       Large shield      |       |       |       |       |       |       |   888 |  1651 | 10691 || 13230
       Rpst.: Long sword |     5 |    14 |    35 |    24 |       |       |       |       |       ||    78
       Scimitar          |       |       |       |    37 |     2 |       |       |       |       ||    39
       Demon blade       |       |       |       |       |    82 |       |       |       |       ||    82
       Double sword      |       |       |       |       |    10 |   141 |   123 |    74 |   644 ||   992
